 Dungeon Crawl Stone Soup version 0.28.0-43-g3370ac3207 (webtiles) character file.

Game seed: 11220482516704946754

36 Iusername the Slasher (level 3, 0/29 HPs)
             Began as a Demonspawn Berserker on Apr 1, 2022.
             Was a Follower of Trog.
             Slain by a goblin
             ... wielding a +0 dagger
             ... led by Robin
              (3 damage)
             ... on level 2 of the Dungeon.
             The game lasted 00:06:22 (1639 turns).

Iusername the Slasher (Demonspawn Berserker)        Turns: 1639, Time: 00:06:27

Health: 0/29       AC:  2    Str: 19    XL:     3   Next: 19%
Magic:  3/3        EV: 12    Int:  8    God:    Trog [*.....]
Gold:   68         SH:  4    Dex: 12    Spells: 2/2 levels left

rFire   . . .      SeeInvis .   a - +0 falchion
rCold   . . .      Faith    .   (no shield)
rNeg    . . .      Spirit   .   b - +0 animal skin
rPois   +          Reflect  .   (no helmet)
rElec   .          Harm     .   (no cloak)
rCorr   .          Rampage  .   (no gloves)
Will    .....                   (no boots)
Stlth   +.........              (no amulet)
HPRegen 0.09/turn               (no ring)
MPRegen 0.16/turn               (no ring)

@: no status effects
A: claws 1, magic regeneration, large bone plates 1, poison resistance
a: Renounce Religion, Berserk


You were on level 2 of the Dungeon.
You worshipped Trog.
Trog was aware of your devotion.
You visited 1 branch of the dungeon, and saw 2 of its levels.

You collected 68 gold pieces.

Inventory:

Hand Weapons
 a - a +0 falchion (weapon)
Armour
 b - a +0 animal skin (worn)
Scrolls
 c - 3 scrolls of identify {unknown}
 e - a scroll of enchant armour {unknown}
 f - a scroll of amnesia {unknown}
Potions
 d - a potion of brilliance {unknown}
 h - a potion of berserk rage {unknown}
 i - a potion of heal wounds {unknown}


   Skills:
 + Level 3.3 Fighting
 + Level 3.4 Long Blades
 + Level 1.9 Armour
 + Level 2.0 Dodging


You had 2 spell levels left.
You didn't know any spells.
Your spell library was empty.

Dungeon Overview and Level Annotations

Branches:
Dungeon (2/15)

Altars:

Annotations:
D:2 Robin


Innate Abilities, Weirdness & Mutations

You have sharp fingernails.
You regenerate magic rapidly.
You are partially covered in large bone plates. (SH +4)
Your system is resistant to poisons. (rPois)


Message History

The goblin shouts! x2; The hobgoblin shouts!
The goblin shouts!
You hear a shout! x5
A goblin comes into view. It is wielding a +0 club.
A goblin comes into view. It is wielding a +0 dagger.
Robin of the Strong Arm comes into view.
They are wielding a +0 spear.
The goblin shouts!
Unknown command.
You hear a shout! x2
You see here 12 gold pieces.
The endoplasm freezes you.
You are frozen.
You hit the endoplasm.
You kill the endoplasm!
Trog accepts your kill.
You barely miss the goblin. The goblin hits you with a +0 club.
You hit the goblin.
You kill the goblin!
Trog accepts your kill. The goblin closely misses you.
You barely miss the goblin. The goblin barely misses you.
The goblin completely misses you.
You barely miss the goblin. The hobgoblin misses you.
The goblin hits you with a +0 dagger.
A ball python comes into view.
The goblin hits you with a +0 club.
A hobgoblin comes into view.
There are monsters nearby!
There are monsters nearby!
You closely miss the goblin.
The ball python hisses angrily.
You hear a shout!
The hobgoblin hits you.
* * * LOW HITPOINT WARNING * * *
The goblin barely misses you. The goblin hits you but does no damage.
It was a potion of mutation.
You feel extremely strange.
Large bone plates grow over parts of your arms.
You feel resistant to poisons. The hobgoblin hits you.
* * * LOW HITPOINT WARNING * * *
The goblin closely misses you. The goblin hits you with a +0 dagger.
You die...

.. #.###....
##.####.#####.#
#....##....# ..
#....##.##.#...
#....#..##....#
#
#....#.........
#.
#........#>....
###.##...†#.###
....
#)......@g#.#
...
.......ggg#.#
..
..........#.# .
..>.......#.#
..........#.#
........g##.#
#...#[..##
#####.....ggg#
#..!g..g.#


You could see 2 hobgoblins and 3 goblins.

Vanquished Creatures
  A dart slug (D:1)
  4 bats
  4 endoplasms
  2 goblins
  6 hobgoblins
  3 kobolds (D:1)
  5 ball pythons
  2 frilled lizards (D:1)
  4 rats
31 creatures vanquished.

Notes
Turn   | Place    | Note
-------+----------+-------------------------------------------
     0 | D:1      | Iusername the Demonspawn Berserker began the quest for the
                  | Orb.
     0 | D:1      | Reached XP level 1. HP: 18/18 MP: 1/1
    75 | D:1      | Gained mutation: You regenerate magic rapidly. [demonic
                  | ancestry]
    75 | D:1      | Reached XP level 2. HP: 19/24 MP: 2/2
   253 | D:1      | HP: 1/24 [dart slug/slug dart (2)]
  1589 | D:2      | Gained mutation: You have sharp fingernails. [demonic
                  | ancestry]
  1589 | D:2      | Reached XP level 3. HP: 29/29 MP: 3/3
  1623 | D:2      | Noticed Robin
  1639 | D:2      | Gained mutation: You are partially covered in large bone
                  | plates. (SH +4) [potion of mutation]
  1639 | D:2      | Gained mutation: Your system is resistant to poisons.
                  | (rPois) [potion of mutation]
  1639 | D:2      | Slain by a goblin

Illustrated notes

Levels and vault maps discovered:
D:1:      minmay_arrival_arboretum_small, layout_basic, minmay_tetromino_o4
D:2:      layout_rooms, grunt_ministairs_8, uniq_sigmund, uniq_robin

Skill      XL: |  1  2  3 |
---------------+----------+-----
Long Blades    | 3 |  3.4
Dodging        | 2 |  2.0
Fighting       | |  3.3
Armour         | |  1.9

Action                   || total
-------------------------++-------
Melee: Falchion          ||    74
  Use: Potion            ||     1
Armor: Animal skin       ||    14
Dodge: Dodged            ||    72
